AoeStats
← Tiquis

Arabia

508492326Analyzed
3v3 RM · 11d ago on Sep 22, 2026· 84m 43s· 6 players
Game mode
Random Map
Map size
Normal (6 player)
Population
200
Speed
Normal
Resources
Standard
Victory
Conquest
Starting age
Dark Age
Ending age
Imperial Age
RankedLock teamsTeams togetherTeam positionsShared explorationLock speedFull tech treeHidden civsTurbo modeCheats
Victory
Defeat
🇩🇪 Vietnamese · Germany
1119
+13
🇵🇱 Danes · Poland
1077
+15
🇵🇱 Poles · Poland
1075
+15
🇨🇿 Poles · Czechia
1186
-19
🇨🇿 Varangians · Czechia
1093
-15
🇨🇿 Persians · Czechia
899
-9
Gnam
5:03 Loom
9:58 Feudal Age
11:00 Double-Bit Axe
13:39 Bloodlines
21:31 Castle Age
19:46 Forging
19:42 Scale Barding Armor
19:47 Arson
19:46 Horse Collar
20:37 Fletching
28:01 Bow Saw
29:08 Iron Casting
28:28 Gold Mining
28:49 Husbandry
31:03 Chain Barding Armor
40:45 Town Watch
41:36 Wheelbarrow
40:49 Town Watch
46:06 Bodkin Arrow
46:05 Stone Mining
49:48 Imperial Age
48:55 Town Patrol
49:12 Scale Mail Armor
49:15 Gambesons
51:46 Plate Barding Armor
51:00 Elite Jarl
55:09 Vendel Legacy
57:11 Light Cavalry
57:44 Cavalier
66:11 Light Cavalry
68:50 Bracer
69:51 Blast Furnace
71:43 Elite Skirmisher
74:01 Hand Cart
Tiquis
5:27 Loom
11:12 Feudal Age
16:30 Castle Age
14:15 Horse Collar
15:19 Double-Bit Axe
20:01 Scale Barding Armor
21:10 Husbandry
23:13 Bloodlines
28:06 Heavy Plow
28:22 Forging
28:25 Bow Saw
30:48 Scale Mail Armor
30:47 Gold Mining
30:47 Stone Mining
30:56 Stone Mining
35:14 Chain Barding Armor
42:26 Imperial Age
40:52 Iron Casting
40:32 Fletching
40:44 Padded Archer Armor
41:38 Wheelbarrow
40:49 Town Watch
41:47 Wheelbarrow
42:37 Cavalier
47:39 Savar
51:11 Plate Barding Armor
51:40 Blast Furnace
53:32 Crop Rotation
59:16 Bodkin Arrow
59:22 Padded Archer Armor
59:56 Hand Cart
59:43 Town Patrol
61:40 Devotion
62:47 Light Cavalry
65:23 Hussar
68:08 Masonry
69:00 Chemistry
68:21 Ballistics
67:58 Murder Holes
67:54 Guard Tower
68:15 Clinker Construction
67:56 Heated Shot
68:04 Elite Skirmisher
69:40 Thumb Ring
82:15 Leather Archer Armor
82:15 Chain Mail Armor
81:35 Sappers
Stone159
7:47 Loom
10:11 Feudal Age
10:41 Horse Collar
12:17 Double-Bit Axe
14:16 Forging
20:48 Castle Age
21:04 Bloodlines
21:40 Heavy Plow
22:12 Scale Barding Armor
25:43 Wheelbarrow
24:54 Town Watch
27:52 Bow Saw
30:38 Hand Cart
30:56 Chain Barding Armor
30:26 Elite Skirmisher
32:47 Thumb Ring
34:28 Gold Mining
36:25 Town Patrol
39:23 Fletching
39:34 Padded Archer Armor
44:23 Imperial Age
43:10 Husbandry
43:26 Bodkin Arrow
43:57 Szlachta Privileges
44:32 Cavalier
46:29 Iron Casting
46:27 Ballistics
47:24 Light Cavalry
49:35 Caravan
51:52 Chemistry
52:08 Bracer
52:24 Leather Archer Armor
52:03 Winged Hussar
53:10 Conscription
53:36 Lechitic Legacy
56:03 Blast Furnace
56:02 Onager
72:12 Siege Engineers
77:58 Crop Rotation
Xavia
5:27 Loom
10:13 Feudal Age
10:50 Double-Bit Axe
10:47 Horse Collar
15:16 Fletching
22:41 Castle Age
21:01 Scale Mail Armor
24:35 Bow Saw
23:57 Crossbowman
24:21 Pikeman
26:54 Squires
29:37 Chain Mail Armor
29:34 Forging
30:05 Wheelbarrow
30:50 Hand Cart
30:42 Heavy Plow
37:53 Gold Mining
37:53 Stone Mining
42:12 Iron Casting
41:53 Town Watch
43:41 Thumb Ring
43:33 Bodkin Arrow
43:47 Padded Archer Armor
46:34 Leather Archer Armor
48:29 Stone Shaft Mining
54:46 Imperial Age
53:50 Ballistics
54:30 Town Patrol
57:03 Chemistry
56:12 Siege Engineers
56:10 Bracer
58:02 Ring Archer Armor
56:53 Elite Skirmisher
59:11 Imperial Skirmisher
60:34 Plate Mail Armor
61:17 Paper Money
60:59 Halberdier
63:49 Elite Rattan Archer
67:58 Caravan
81:06 Two-Man Saw
80:37 Crop Rotation
Kuroi Raito5577
7:40 Loom
7:53 Loom
10:39 Feudal Age
13:41 Double-Bit Axe
16:00 Castle Age
14:22 Horse Collar
15:51 Scale Barding Armor
16:45 Fletching
16:57 Padded Archer Armor
20:53 Husbandry
22:26 Bloodlines
24:42 Bodkin Arrow
26:33 Ballistics
26:24 Thumb Ring
27:21 Heavy Plow
28:22 Leather Archer Armor
31:14 Wheelbarrow
30:48 Scale Barding Armor
30:53 Forging
31:22 Bow Saw
31:03 Stone Mining
31:04 Gold Mining
36:40 Chain Barding Armor
36:55 Iron Casting
38:22 Szlachta Privileges
39:04 Iron Casting
42:14 Imperial Age
42:41 Caravan
42:34 Heavy Mounted Crossbowman
43:37 Bracer
43:14 Cavalier
45:09 Hand Cart
46:07 Chemistry
47:44 Blast Furnace
47:17 Light Cavalry
48:20 Conscription
48:21 Lechitic Legacy
49:05 Crop Rotation
48:14 Winged Hussar
79:11 Coinage
Pysiokk
8:48 Loom
11:34 Feudal Age
16:04 Castle Age
15:57 Double-Bit Axe
18:01 Bow Saw
22:00 Horse Collar
25:19 Squires
25:25 Scale Mail Armor
25:36 Forging
26:14 Heavy Plow
27:44 Wheelbarrow
27:58 Gambesons
28:50 Gold Mining
28:52 Stone Mining
30:55 Chain Mail Armor
31:29 Iron Casting
31:52 Arson
44:14 Imperial Age
41:38 Hamask
44:42 Onager
45:02 Elite Varangian Guard
46:33 Northmen's Fury
48:18 Siege Onager
50:17 Siege Engineers
50:35 Ballistics
52:24 Chemistry
52:46 Hand Cart
53:14 Gold Shaft Mining
53:15 Stone Shaft Mining
53:37 Conscription
55:01 Pikeman
57:00 Blast Furnace
57:29 Halberdier
62:18 Plate Mail Armor
73:09 Fletching
Connection lost

Rejoining the realm…

Still unreachable

The connection could not be restored.

Session expired

The server has moved on; the page needs a fresh start.